[Event "Titled Tuesday Blitz April 18 Early 2023"]
[White "lluiss"]
[Black "ryutherunner"]
[WhiteElo "2275"]
[BlackElo "2127"]
[Result "1-0"]
[Round "09"]
[TimeControl "180+2"]
[Date "2023.04.18"]
[WhiteClock "0:02:01"]
[BlackClock "0:00:41"]

1. Nf3 c5 2. c4 d6 3. Nc3 Nc6 4. d4 cxd4 5. Nxd4 Nf6 6. e4 g6 7. Be3 Bg7 8. Be2 O-O 9. O-O a6 10. f3 Qc7 11. Qd2 Ne5 12. b3 Rd8 13. Rfc1 b6 14. Nd5 Nxd5 15. cxd5 Qb7 16. f4 Ng4 17. Bxg4 Bxg4 18. Rc2 Bxd4 19. Bxd4 Rac8 20. Rac1 Rxc2 21. Rxc2 Rc8 22. h3 Bd7 23. Rxc8+ Bxc8 24. Qb4 b5 25. Qa5 Bd7 26. Qd8+ Be8 27. Qxe8# 1-0


[Site "https://www.chess.com"]

[Event "Titled Tuesday Blitz April 18 Early 2023"]
[White "Flis, Pawel"]
[Black "Nugumanov, Bakhtiyar"]
[WhiteFideId "1112864"]
[BlackFideId "13701797"]
[WhiteElo "1822"]
[BlackElo "2209"]
[Result "1-0"]
[Round "09"]
[TimeControl "180+2"]
[Date "2023.04.18"]
[WhiteClock "0:01:24"]
[BlackClock "0:01:14"]

1. e4 e6 2. d4 d5 3. Nc3 Bb4 4. e5 c5 5. a3 Bxc3+ 6. bxc3 Nc6 7. a4 Qa5 8. Bd2 Nge7 9. Nf3 Bd7 10. Bd3 c4 11. Be2 f6 12. exf6 gxf6 13. O-O e5 14. dxe5 fxe5 15. Ng5 Rg8 16. Bh5+ Ng6 17. Nxh7 O-O-O 18. Nf6 Rg7 19. Bh6 Rh7 20. Nxh7 1-0


[Site "https://www.chess.com"]

[Event "Titled Tuesday Blitz April 18 Early 2023"]
[White "Jiganchine, Roman"]
[Black "Kriti Mayur Patel"]
[WhiteFideId "2603667"]
[BlackFideId "35061780"]
[WhiteElo "2254"]
[BlackElo "1306"]
[Result "0-1"]
[Round "09"]
[TimeControl "180+2"]
[Date "2023.04.18"]
[WhiteClock "0:00:16"]
[BlackClock "0:01:21"]

1. e4 e5 2. Nf3 Nc6 3. Nc3 Nf6 4. Bb5 Bb4 5. O-O O-O 6. Bxc6 dxc6 7. d3 Bg4 8. h3 Bxf3 9. Qxf3 Bxc3 10. bxc3 c5 11. Bg5 b6 12. a4 Qe7 13. Qf5 h6 14. Bh4 Rad8 15. f4 exf4 16. e5 Rd5 17. exf6 Qe3+ 18. Bf2 Qxf2+ 19. Rxf2 Rxf5 20. fxg7 Kxg7 21. Raf1 Re8 22. Rxf4 Rxf4 23. Rxf4 Re2 24. Rf2 Re1+ 25. Kh2 Ra1 26. Rf4 Ra2 27. d4 Rxa4 28. Kg3 Rc4 29. Kg4 Rxc3 30. dxc5 Rxc5 31. Rf2 a5 32. h4 a4 33. h5 Rg5+ 34. Kh4 a3 35. c3 Ra5 36. Ra2 b5 37. g4 Ra4 38. Kg3 Kf6 39. Kf3 Kg5 40. Ke3 c5 41. Kd3 Rxg4 42. Rxa3 Rg3+ 43. Ke4 b4 44. Ra5 Rxc3 45. Ra7 f5+ 46. Ke5 Re3+ 47. Kd5 b3 48. Kxc5 b2 49. Rb7 Rc3+ 50. Kd4 Rc2 51. Rb5 Rf2 52. Ke3 Rh2 53. Kd4 Kg4 54. Rb3 Rh3 55. Rxb2 Rxh5 56. Rg2+ Kf3 57. Rg8 f4 58. Kd3 Rh1 59. Kd2 h5 60. Rd8 h4 61. Rd3+ Kf2 62. Rd4 f3 63. Rg4 h3 64. Rg5 h2 65. Rg8 Rg1 0-1


[Site "https://www.chess.com"]

[Event "Titled Tuesday Blitz April 18 Early 2023"]
[White "Sandholm, Klas"]
[Black "Clawitter, Craig"]
[WhiteFideId "510203"]
[BlackFideId "2023105"]
[WhiteElo "2107"]
[BlackElo "2238"]
[Result "1-0"]
[Round "09"]
[TimeControl "180+2"]
[Date "2023.04.18"]
[WhiteClock "0:01:37"]
[BlackClock "0:00:18"]

1. d4 e6 2. e4 d5 3. Nd2 Be7 4. Ngf3 Nf6 5. Bd3 c5 6. dxc5 dxe4 7. Nxe4 Nxe4 8. Bxe4 Qxd1+ 9. Kxd1 Bxc5 10. Ke2 Nc6 11. Be3 Bxe3 12. Kxe3 Bd7 13. Rhd1 O-O-O 14. a3 f6 15. c4 Ne7 16. Rd6 Kc7 17. c5 Bc6 18. Rad1 Bxe4 19. Kxe4 Nf5 20. Rxd8 Rxd8 21. Rxd8 Kxd8 22. g4 Ne7 23. Nd4 Kd7 24. f4 Nc6 25. b4 Nxd4 26. Kxd4 Kc6 27. Kc4 a6 28. a4 Kc7 29. b5 a5 30. Kd4 Kd7 31. Ke4 g6 32. h4 h6 33. g5 hxg5 34. hxg5 fxg5 35. fxg5 1-0


[Site "https://www.chess.com"]

[Event "Titled Tuesday Blitz April 18 Early 2023"]
[White "Antonova, Nadezhda"]
[Black "Osiecki, Stanislaw"]
[WhiteFideId "14700182"]
[BlackFideId "1102990"]
[WhiteElo "1765"]
[BlackElo "2088"]
[Result "1-0"]
[Round "09"]
[TimeControl "180+2"]
[Date "2023.04.18"]
[WhiteClock "0:00:35"]
[BlackClock "0:00:02"]

1. Nf3 Nf6 2. b3 g6 3. Bb2 Bg7 4. g3 d6 5. Bg2 e5 6. O-O Nh5 7. e4 O-O 8. d3 c5 9. Nbd2 Nc6 10. c3 a5 11. a4 Bg4 12. h3 Be6 13. Nc4 Bxc4 14. dxc4 Qe7 15. Re1 Rfd8 16. Nd2 Qg5 17. Nf1 Qe7 18. Ne3 Nf6 19. Nd5 Nxd5 20. cxd5 Na7 21. c4 b6 22. Qd2 h5 23. Rf1 Kh7 24. Bc1 Rf8 25. Qe3 h4 26. Bd2 f5 27. exf5 gxf5 28. Rae1 Qf6 29. Qg5 Qxg5 30. Bxg5 Bf6 31. gxh4 Kg6 32. f4 exf4 33. Re6 Rae8 34. Rxd6 Nc8 35. Rc6 Rd8 36. Re1 Rd6 37. Re6 Rxe6 38. Rxe6 Kg7 39. Kf2 Bxg5 40. hxg5 Rh8 41. Kf3 Rh5 42. Kxf4 Rh4+ 43. Kxf5 Rd4 44. Be4 Rd1 45. h4 Re1 46. h5 Rf1+ 47. Ke5 1-0


[Site "https://www.chess.com"]

[Event "Titled Tuesday Blitz April 18 Early 2023"]
[White "Prado, Alexandra"]
[Black "Broca Jimenez, Fernando"]
[WhiteFideId "3301346"]
[BlackFideId "5104742"]
[WhiteElo "1759"]
[BlackElo "2062"]
[Result "0-1"]
[Round "09"]
[TimeControl "180+2"]
[Date "2023.04.18"]
[WhiteClock "0:00:10"]
[BlackClock "0:00:47"]

1. e4 c5 2. Nc3 g6 3. g3 Bg7 4. Bg2 Nc6 5. d3 e6 6. Be3 b6 7. Qd2 Nd4 8. Rb1 Bb7 9. Nce2 Ne7 10. c3 Nxe2 11. Nxe2 d5 12. exd5 Bxd5 13. O-O Bxg2 14. Kxg2 Qd5+ 15. Kg1 Qxa2 16. Ra1 Qd5 17. Nf4 Qd7 18. Ra6 O-O 19. Rfa1 Nc6 20. Ne2 Rad8 21. Rd1 Ne5 22. d4 Nf3+ 0-1


[Site "https://www.chess.com"]

[Event "Titled Tuesday Blitz April 18 Early 2023"]
[White "Shapiro, Viktor"]
[Black "rionelG"]
[WhiteFideId "4175700"]
[WhiteElo "2152"]
[BlackElo "2195"]
[Result "1-0"]
[Round "09"]
[TimeControl "180+2"]
[Date "2023.04.18"]
[WhiteClock "0:01:10"]
[BlackClock "0:00:02"]

1. c4 Nf6 2. Nc3 g6 3. d4 Bg7 4. Nf3 O-O 5. Bg5 d6 6. e3 h6 7. Bh4 c5 8. Be2 Nbd7 9. h3 a6 10. O-O Rb8 11. a3 b6 12. b4 Bb7 13. Rc1 g5 14. Bg3 Be4 15. Nxe4 Nxe4 16. Bh2 f5 17. Bd3 Ndf6 18. Qc2 Qc7 19. Rfd1 Rfc8 20. g4 Nxf2 21. Qxf2 fxg4 22. Nd2 gxh3 23. Bf5 Rf8 24. Qe2 Kh8 25. Bxh3 e5 26. dxe5 dxe5 27. Bf5 Qe7 28. Ne4 Nxe4 29. Bxe4 cxb4 30. axb4 Qxb4 31. Rf1 Qd6 32. Rcd1 Qe6 33. Bd5 Qh3 34. e4 Rxf1+ 35. Rxf1 Rf8 36. Rxf8+ Bxf8 37. Bxe5+ Kh7 38. Bd4 Qg3+ 39. Kf1 Qh3+ 40. Ke1 Bb4+ 41. Kd1 Qb3+ 42. Qc2 Qf3+ 43. Kc1 Ba3+ 44. Kb1 Bb4 45. e5+ 1-0


[Site "https://www.chess.com"]

[Event "Titled Tuesday Blitz April 18 Early 2023"]
[White "dDobravcan"]
[Black "Kohler, Aran"]
[BlackFideId "1002856"]
[WhiteElo "2156"]
[BlackElo "2235"]
[Result "1-0"]
[Round "09"]
[TimeControl "180+2"]
[Date "2023.04.18"]
[WhiteClock "0:00:50"]
[BlackClock "0:00:02"]

1. e4 c6 2. d4 d5 3. f3 e6 4. Nc3 a6 5. Be3 Nf6 6. Nge2 dxe4 7. fxe4 Ng4 8. Bg1 h5 9. h3 Nh6 10. Qd2 b5 11. O-O-O b4 12. Na4 Nd7 13. g4 Qa5 14. b3 hxg4 15. hxg4 f6 16. Kb1 Bb7 17. Nf4 Kf7 18. Bc4 Bd6 19. Nxe6 Ke7 20. Nxg7 Nf7 21. Nf5+ Qxf5 22. exf5 Rxh1 23. Qe3+ Nfe5 24. g5 Rf8 25. g6 Kd8 26. dxe5 Bxe5 27. Be6 1-0


[Site "https://www.chess.com"]

[Event "Titled Tuesday Blitz April 18 Early 2023"]
[White "Kiseljova, Marya"]
[Black "Larina, Maria"]
[WhiteFideId "4155009"]
[BlackFideId "24113182"]
[WhiteElo "1851"]
[BlackElo "1848"]
[Result "1-0"]
[Round "09"]
[TimeControl "180+2"]
[Date "2023.04.18"]
[WhiteClock "0:00:11"]
[BlackClock "0:00:01"]

1. d4 g6 2. e4 Bg7 3. h4 h5 4. Bc4 c6 5. c3 b5 6. Bb3 a5 7. a3 a4 8. Ba2 Nh6 9. Bg5 Qc7 10. Qc1 d6 11. Nf3 Bg4 12. Nh2 Bd7 13. Qf4 f6 14. Bxh6 Bxh6 15. Qg3 g5 16. hxg5 fxg5 17. Nf3 h4 18. Qh2 Na6 19. Nbd2 O-O-O 20. O-O-O Bg4 21. Kb1 Rdf8 22. e5 d5 23. Ka1 e6 24. Bb1 Qe7 25. Rde1 Rf7 26. Rhf1 Rhf8 27. Qg1 h3 28. Nh2 hxg2 29. Qxg2 Bf5 30. f3 Bxb1 31. Kxb1 Nc7 32. Ng4 Bg7 33. Rh1 Ne8 34. Rh7 Bh8 35. Rxf7 Qxf7 36. Rh1 Qf4 37. Kc2 Bg7 38. Qh2 Qe3 39. Qh7 Qe2 40. Qg6 Qg2 41. Rh7 Rxf3 42. Qxe6+ Kb7 43. Qxe8 Qxg4 44. Rxg7+ 1-0


[Site "https://www.chess.com"]

[Event "Titled Tuesday Blitz April 18 Early 2023"]
[White "Kotepalli, Sai Nirupama"]
[Black "Winkels, Marcel"]
[WhiteFideId "5039444"]
[BlackFideId "1003887"]
[WhiteElo "2328"]
[BlackElo "1900"]
[Result "1-0"]
[Round "09"]
[TimeControl "180+2"]
[Date "2023.04.18"]
[WhiteClock "0:00:37"]
[BlackClock "0:00:35"]

1. e4 c5 2. Nf3 d6 3. d3 Nc6 4. g3 g6 5. Bg2 Bg7 6. O-O e5 7. c3 Nge7 8. a3 O-O 9. b4 b6 10. b5 Na5 11. c4 h6 12. Bd2 f5 13. Bxa5 bxa5 14. Nbd2 g5 15. exf5 Bxf5 16. Ne4 Bg4 17. h3 Bh5 18. g4 Bg6 19. h4 gxh4 20. Nxh4 Bh7 21. Qd2 Rf4 22. Ng3 Rxg4 23. Nf3 e4 24. Nh2 Rxg3 25. fxg3 Bd4+ 26. Kh1 Nf5 27. Rxf5 Bxf5 28. Rf1 e3 29. Qe2 Qg5 30. Bxa8 Qg6 31. Be4 Bxe4+ 32. dxe4 Qxe4+ 33. Qf3 Qxf3+ 34. Nxf3 e2 35. Re1 d5 36. cxd5 Bf2 37. Rxe2 Bxg3 38. Rg2 1-0


[Site "https://www.chess.com"]

[Event "Titled Tuesday Blitz April 18 Early 2023"]
[White "Chincholimath, Halsagar"]
[Black "Fernandez Hernandez, Gerardo"]
[WhiteFideId "5022487"]
[BlackFideId "2207400"]
[WhiteElo "1737"]
[BlackElo "2177"]
[Result "1-0"]
[Round "09"]
[TimeControl "180+2"]
[Date "2023.04.18"]
[WhiteClock "0:00:09"]
[BlackClock "0:00:01"]

1. e4 e6 2. d4 d5 3. Nd2 Nc6 4. e5 f6 5. Bd3 Qd7 6. Ndf3 fxe5 7. dxe5 Bc5 8. Nh3 Nh6 9. Bxh6 gxh6 10. Qd2 Qg7 11. O-O-O Bd7 12. Nf4 O-O-O 13. g3 Nxe5 14. Nxe5 Qxe5 15. Rhe1 Qf6 16. Kb1 c6 17. h4 e5 18. Nh5 Qe7 19. f4 e4 20. Be2 Rhg8 21. Qc3 d4 22. Qb3 e3 23. Rg1 Be6 24. Qa4 Kb8 25. g4 Bf7 26. Ng3 Bb6 27. Nf5 Qf8 28. Bc4 Bxc4 29. Qxc4 c5 30. Qe6 Re8 31. Qd5 Rd8 32. Qe6 Qe8 33. Qxh6 Rg6 34. Qxh7 Re6 35. Ng7 Qe7 36. f5 Re4 37. g5 e2 38. Rde1 d3 39. cxd3 Rxd3 40. f6 Qd8 41. Qxe4 Rd1+ 42. Kc2 Qd2+ 43. Kb3 Rxe1 44. Qe8+ Kc7 45. Ne6+ Kd6 46. Rxe1 Ke5 47. Rxe2+ Qxe2 48. Ng7+ Kd4 49. Qxe2 c4+ 50. Qxc4+ 1-0


[Site "https://www.chess.com"]

[Event "Titled Tuesday Blitz April 18 Early 2023"]
[White "Barria Santos, Jose Guilherme"]
[Black "Semenova, Alina"]
[WhiteFideId "1939300"]
[BlackFideId "24113875"]
[WhiteElo "2266"]
[BlackElo "1833"]
[Result "1-0"]
[Round "09"]
[TimeControl "180+2"]
[Date "2023.04.18"]
[WhiteClock "0:01:52"]
[BlackClock "0:01:36"]

1. e4 c5 2. Nf3 Nc6 3. d4 cxd4 4. Nxd4 Nf6 5. Nc3 g6 6. Be3 Bg7 7. f3 O-O 8. Bc4 d6 9. Qd2 Nd7 10. O-O-O Nb6 11. Bb3 Na5 12. Nd5 Nbc4 13. Qd3 Nxe3 14. Qxe3 Nxb3+ 15. axb3 e6 16. Nc3 Qa5 17. Kb1 a6 18. h4 h5 19. g4 Bd7 20. gxh5 Qxh5 21. Rdg1 Bh6 22. f4 e5 23. Nde2 Bg4 24. Nd5 Kg7 25. Ng3 1-0


[Site "https://www.chess.com"]

[Event "Titled Tuesday Blitz April 18 Early 2023"]
[White "Thiel, Thomas"]
[Black "Sanchez, Robert"]
[WhiteFideId "4615964"]
[BlackFideId "2034360"]
[WhiteElo "2161"]
[BlackElo "1959"]
[Result "0-1"]
[Round "09"]
[TimeControl "180+2"]
[Date "2023.04.18"]
[WhiteClock "0:01:16"]
[BlackClock "0:02:35"]

1. e4 e6 2. d4 d5 3. Nc3 Nf6 4. Bg5 Be7 5. e5 Nfd7 6. h4 h6 7. Bxe7 Qxe7 8. f4 a6 9. Nf3 O-O 10. Qd2 c5 11. dxc5 Nc6 12. O-O-O Nxc5 13. g4 b5 14. Nd4 Nxd4 15. Qxd4 b4 16. Ne2 a5 17. Ng3 a4 18. Kb1 Ba6 19. Bxa6 Nxa6 20. f5 f6 21. fxe6 b3 22. Qxd5 bxc2+ 23. Kxc2 Nb4+ 0-1


[Site "https://www.chess.com"]

[Event "Titled Tuesday Blitz April 18 Early 2023"]
[White "Onslow, Alfie"]
[Black "Fabris, Alberto"]
[WhiteFideId "436976"]
[BlackFideId "801348"]
[WhiteElo "2114"]
[BlackElo "2100"]
[Result "0-1"]
[Round "09"]
[TimeControl "180+2"]
[Date "2023.04.18"]
[WhiteClock "0:00:10"]
[BlackClock "0:00:19"]

1. e4 c5 2. Nc3 Nc6 3. Bb5 g6 4. Bxc6 dxc6 5. f4 Bg7 6. Nf3 e6 7. O-O Ne7 8. d3 O-O 9. Qe1 b6 10. Qh4 Ba6 11. Qh3 c4 12. d4 Bxd4+ 13. Nxd4 Qxd4+ 14. Kh1 f5 15. Be3 Qf6 16. Rad1 Rad8 17. Ne2 c5 18. Bd2 fxe4 19. Bc3 Qf7 20. Rxd8 Rxd8 21. Ng3 Bb7 22. Qg4 Nf5 23. Nh5 Nd4 24. Qg5 Rf8 25. Ng3 e3 26. Qe5 Qf6 27. Qxe3 Re8 28. Re1 Bd5 29. Ne4 Qh4 30. Bxd4 cxd4 31. Qxd4 Qxe1+ 32. Qg1 Qxg1+ 0-1


[Site "https://www.chess.com"]

[Event "Titled Tuesday Blitz April 18 Early 2023"]
[White "Quispe Santacruz, Javier"]
[Black "Dubreuil, Julien"]
[WhiteFideId "3800920"]
[BlackFideId "621285"]
[WhiteElo "1875"]
[BlackElo "2224"]
[Result "1-0"]
[Round "09"]
[TimeControl "180+2"]
[Date "2023.04.18"]
[WhiteClock "0:00:36"]
[BlackClock "0:00:35"]

1. d4 d5 2. c4 e6 3. Nc3 c5 4. cxd5 exd5 5. Nf3 Nc6 6. g3 c4 7. Bg2 Bb4 8. O-O Bxc3 9. bxc3 Qa5 10. Bd2 Nf6 11. Re1 O-O 12. Qc2 Re8 13. Rab1 b5 14. Ne5 Bb7 15. Nxc6 Bxc6 16. Bg5 Ne4 17. Bxe4 Rxe4 18. Be3 Rae8 19. Qd2 Bd7 20. Kg2 a6 21. h4 Bg4 22. Rb2 Qc7 23. Bf4 Qd7 24. f3 Bxf3+ 25. Kxf3 Qh3 26. e3 h6 27. Qh2 Qf5 28. g4 Qf6 29. g5 Qf5 30. gxh6 Qh5+ 31. Kf2 R8e6 32. hxg7 Rg6 33. Rg1 Rf6 34. Rg5 Qd1 35. Re2 Rfxf4+ 36. Qxf4 Rxf4+ 37. exf4 1-0


[Site "https://www.chess.com"]

[Event "Titled Tuesday Blitz April 18 Early 2023"]
[White "2good4u734"]
[Black "Berezin, Viktor"]
[BlackFideId "4128869"]
[WhiteElo "2209"]
[BlackElo "1790"]
[Result "1-0"]
[Round "09"]
[TimeControl "180+2"]
[Date "2023.04.18"]
[WhiteClock "0:00:56"]
[BlackClock "0:00:05"]

1. d4 Nf6 2. Nf3 g6 3. Bf4 d6 4. e3 Bg7 5. Be2 O-O 6. h3 c5 7. Nbd2 cxd4 8. exd4 h6 9. O-O Nd5 10. Bg3 Nc6 11. c3 e5 12. Bc4 Nb6 13. dxe5 dxe5 14. Bb3 Bf5 15. Re1 Re8 16. Ne4 Qxd1 17. Raxd1 Bxe4 18. Rxe4 Rad8 19. Rxd8 Rxd8 20. Nxe5 Nxe5 21. Bxe5 Re8 22. f4 Nd7 23. Ba4 Bxe5 24. Bxd7 Rd8 25. Rxe5 Rxd7 26. Kf2 Kf8 27. Ke3 b6 28. a4 f6 29. Re6 Kf7 30. Rc6 Re7+ 31. Kf3 Rd7 32. Ke3 Kg7 33. g4 Kf7 34. a5 bxa5 35. Ra6 Rb7 36. Rxa5 Rxb2 37. Rxa7+ Ke6 38. Ra6+ Ke7 39. Ra7+ Ke6 40. Rh7 1-0


[Site "https://www.chess.com"]

[Event "Titled Tuesday Blitz April 18 Early 2023"]
[White "Le, Tuan Minh"]
[Black "Gupta, Abhijeet"]
[WhiteFideId "12401153"]
[BlackFideId "5010608"]
[WhiteElo "2566"]
[BlackElo "2528"]
[Result "0-1"]
[Round "10"]
[TimeControl "180+2"]
[Date "2023.04.18"]
[WhiteClock "0:00:04"]
[BlackClock "0:01:00"]

1. d4 Nf6 2. Nf3 g6 3. Bg5 Bg7 4. Nbd2 O-O 5. c3 d6 6. e4 c5 7. dxc5 dxc5 8. Bc4 Nc6 9. Qe2 Qc7 10. O-O Na5 11. Bd3 h6 12. Bxf6 exf6 13. Nc4 Nxc4 14. Bxc4 Re8 15. Qc2 f5 16. Rfe1 fxe4 17. Rxe4 Bf5 18. Rxe8+ Rxe8 19. Qb3 a6 20. a4 h5 21. h3 Bf6 22. a5 Kg7 23. Bd5 Re7 24. Re1 Rd7 25. Qa2 g5 26. Nh2 g4 27. hxg4 hxg4 28. Nf1 Bd3 29. Ng3 Be5 30. Nf1 c4 31. Be4 g3 32. fxg3 Qc5+ 33. Kh1 Bxf1 34. Rxf1 Rd6 35. Bf5 Rf6 36. Qb1 Qe3 37. Rf3 Rh6+ 0-1


[Site "https://www.chess.com"]

[Event "Titled Tuesday Blitz April 18 Early 2023"]
[White "Terry, Renato"]
[Black "Kovalenko, Igor"]
[WhiteFideId "3803457"]
[BlackFideId "14117908"]
[WhiteElo "2575"]
[BlackElo "2574"]
[Result "1-0"]
[Round "10"]
[TimeControl "180+2"]
[Date "2023.04.18"]
[WhiteClock "0:00:04"]
[BlackClock "0:00:07"]

1. Nf3 d5 2. e3 Nf6 3. b3 e6 4. Bb2 Bd6 5. c4 O-O 6. Qc2 Re8 7. Be2 e5 8. cxd5 Nxd5 9. d3 c5 10. Nbd2 Nc6 11. a3 b6 12. b4 Bb7 13. bxc5 Bxc5 14. O-O Rc8 15. Rfc1 Re6 16. Ne4 Be7 17. Qd1 f5 18. Ng3 f4 19. Nf1 fxe3 20. fxe3 Bc5 21. d4 exd4 22. exd4 Bf8 23. Bd3 Kh8 24. Qd2 Rf6 25. Ng3 Bd6 26. Ne5 Nf4 27. Nxc6 Rxc6 28. Be4 Rxc1+ 29. Rxc1 Nd5 30. Rf1 Bxg3 31. hxg3 Qe7 32. Bf3 h6 33. Re1 Re6 34. Rxe6 Qxe6 35. Bc1 Bc6 36. Qc2 Qf6 37. Qe4 Ne7 38. Qe5 Bxf3 39. Qxf6 gxf6 40. gxf3 h5 41. Kf2 Nd5 42. Ke2 Kg7 43. Kd3 Kf7 44. Kc4 Ke6 45. a4 Kd6 46. Bd2 a6 47. Bc1 f5 48. Bd2 Kc6 49. Be1 b5+ 50. axb5+ axb5+ 51. Kb3 Kd6 52. Kc2 Ke6 53. Kd3 Kf6 54. Bd2 f4 55. g4 h4 56. Ke2 h3 57. Kf2 b4 58. Kg1 b3 59. Bc1 Kg5 60. Kh2 Kh4 61. Bb2 Nb4 62. Ba3 Nd5 63. Bc1 Nb4 64. Ba3 Nd5 65. Bc1 Kg5 66. Ba3 Nb4 67. Kxh3 Nd3 68. d5 b2 69. Bxb2 Nxb2 70. d6 Kf6 71. g5+ Ke6 72. g6 Nc4 73. g7 Nxd6 74. g8=Q+ 1-0


[Site "https://www.chess.com"]

[Event "Titled Tuesday Blitz April 18 Early 2023"]
[White "Timofeev, Artyom"]
[Black "Korobov, Anton"]
[WhiteFideId "4140419"]
[BlackFideId "14105730"]
[WhiteElo "2586"]
[BlackElo "2638"]
[Result "1-0"]
[Round "10"]
[TimeControl "180+2"]
[Date "2023.04.18"]
[WhiteClock "0:00:22"]
[BlackClock "0:00:06"]

1. e4 c5 2. Nf3 d6 3. d4 cxd4 4. Nxd4 Nf6 5. Nc3 a6 6. Be3 e6 7. Qf3 Qc7 8. g4 b5 9. g5 Nfd7 10. O-O-O Bb7 11. Qh3 Nc5 12. g6 b4 13. Nd5 exd5 14. Qxh7 Rxh7 15. gxh7 Nc6 16. h8=Q Nxd4 17. Bxd4 b3 18. axb3 Nxb3+ 19. Kb1 Nxd4 20. Rxd4 Qc5 21. Rd1 dxe4 22. Bh3 Rb8 23. Rhe1 Bc6 24. Re3 d5 25. Rb3 Rxb3 26. cxb3 Bb5 27. Bf1 Qxf2 28. Bxb5+ axb5 29. Qh5 Qc5 30. Rxd5 Qg1+ 31. Rd1 Qb6 32. Qd5 Ke7 33. Qxe4+ Kf6 34. Rf1+ Kg5 35. Rf5+ Kh6 36. Qh4+ Kg6 37. Qh5# 1-0


[Site "https://www.chess.com"]

[Event "Titled Tuesday Blitz April 18 Early 2023"]
[White "Ibarra Jerez, Jose Carlos"]
[Black "Nakamura, Hikaru"]
[WhiteFideId "2226332"]
[BlackFideId "2016192"]
[WhiteElo "2638"]
[BlackElo "2885"]
[Result "0-1"]
[Round "10"]
[TimeControl "180+2"]
[Date "2023.04.18"]
[WhiteClock "0:00:15"]
[BlackClock "0:00:46"]

1. e4 g6 2. d4 Bg7 3. Nc3 a6 4. Be3 b5 5. Nf3 Bb7 6. Bd3 d6 7. e5 Nd7 8. e6 fxe6 9. Ng5 Nf8 10. O-O Nh6 11. a4 b4 12. Ne2 Nf5 13. c3 h6 14. Ne4 bxc3 15. bxc3 Nd7 16. Nf4 Nf8 17. Qb3 Qc8 18. Ng3 Nh4 19. Bc4 e5 20. Bf7+ Kd7 21. Ne6 Bxg2 22. Nxg7 Qb7 23. Qxb7 Bxb7 24. d5 Rh7 25. Be6+ Nxe6 26. dxe6+ Kc6 27. Rfb1 Rxg7 28. Bxh6 Rh7 29. Bg5 Nf3+ 0-1


[Site "https://www.chess.com"]

[Event "Titled Tuesday Blitz April 18 Early 2023"]
[White "Naroditsky, Daniel"]
[Black "Narayanan.S.L"]
[WhiteFideId "2026961"]
[BlackFideId "5058422"]
[WhiteElo "2633"]
[BlackElo "2547"]
[Result "1-0"]
[Round "10"]
[TimeControl "180+2"]
[Date "2023.04.18"]
[WhiteClock "0:00:02"]
[BlackClock "0:00:17"]

1. d4 Nf6 2. Nc3 c5 3. d5 d6 4. e4 g6 5. h3 Bg7 6. Nf3 O-O 7. Bc4 Na6 8. O-O Nc7 9. a4 b6 10. Re1 Bb7 11. Bg5 a6 12. Qd3 Nd7 13. Bh4 Ne5 14. Nxe5 Bxe5 15. Bg3 Rb8 16. Bxe5 dxe5 17. Qg3 Qd6 18. Nd1 Bc8 19. Ne3 Bd7 20. Bf1 b5 21. axb5 axb5 22. Ra7 Ra8 23. Rea1 Rxa7 24. Rxa7 Ra8 25. Rxa8+ Nxa8 26. Ng4 f6 27. Qa3 Nc7 28. Qa7 Bxg4 29. hxg4 Kg7 30. Qb7 b4 31. Bc4 Kh6 32. Qc8 Kg7 33. g3 g5 34. b3 h6 35. Kg2 Kh7 36. Qf8 Na6 37. Bxa6 Qxa6 38. Qf7+ Kh8 39. Qf8+ Kh7 40. Qxe7+ Kg6 41. Qxc5 Qe2 42. Qc4 Qxg4 43. d6 h5 44. Qd5 h4 45. d7 h3+ 46. Kf1 Qf3 47. Qg8+ Kh5 48. Qh7+ Kg4 49. d8=Q Qh1+ 50. Ke2 Qf3+ 51. Ke1 Qh1+ 52. Kd2 Kf3 53. Qxf6+ Kg2 54. Qh5 Qf1 55. Qff3+ Kg1 56. Qd1 Qxd1+ 57. Kxd1 h2 58. Ke2 g4 59. f3 1-0


[Site "https://www.chess.com"]

[Event "Titled Tuesday Blitz April 18 Early 2023"]
[White "Zhigalko_Sergei"]
[Black "So, Wesley"]
[BlackFideId "5202213"]
[WhiteElo "2927"]
[BlackElo "2749"]
[Result "0-1"]
[Round "10"]
[TimeControl "180+2"]
[Date "2023.04.18"]
[WhiteClock "0:00:01"]
[BlackClock "0:00:21"]

1. e4 e5 2. Nf3 Nc6 3. Bb5 a6 4. Ba4 Nf6 5. O-O Be7 6. Re1 b5 7. Bb3 O-O 8. a4 Bb7 9. d3 d6 10. Nbd2 Nd7 11. c3 Nc5 12. Bc2 Nxa4 13. Bxa4 bxa4 14. Qxa4 Rb8 15. Nf1 f5 16. exf5 Rxf5 17. Ng3 Rxf3 18. gxf3 Qd7 19. Qg4 Qe8 20. f4 Qf7 21. f5 Kh8 22. Bg5 Rf8 23. Ra4 Bxg5 24. Qxg5 Qd5 25. Rg4 Rf7 26. Ne4 Ne7 27. c4 Qxd3 28. f6 gxf6 29. Nxf6 Ng6 30. Nh5 Qf3 31. Rg2 Rf5 32. Qd8+ Rf8 33. Qg5 Rf5 34. Qd8+ Nf8 0-1


[Site "https://www.chess.com"]

[Event "Titled Tuesday Blitz April 18 Early 2023"]
[White "Bluebaum, Matthias"]
[Black "Daneshvar, Bardiya"]
[WhiteFideId "24651516"]
[BlackFideId "12576468"]
[WhiteElo "2638"]
[BlackElo "2468"]
[Result "0-1"]
[Round "10"]
[TimeControl "180+2"]
[Date "2023.04.18"]
[WhiteClock "0:00:08"]
[BlackClock "0:00:07"]

1. d4 e6 2. c4 b6 3. e4 Bb7 4. Bd3 Bb4+ 5. Kf1 Be7 6. Nc3 d6 7. Nf3 Nd7 8. g3 Bf6 9. Kg2 Ne7 10. h4 O-O 11. Bg5 c5 12. d5 Bxc3 13. bxc3 e5 14. Qd2 f6 15. Be3 h6 16. h5 f5 17. exf5 Nxf5 18. Nh4 Nxh4+ 19. Rxh4 Nf6 20. Rah1 b5 21. f3 bxc4 22. Bxc4 Qe7 23. g4 Nh7 24. g5 hxg5 25. Rg4 Qf6 26. Rf1 Bc8 27. Bxg5 Nxg5 28. Rxg5 Bf5 29. Kh2 Rab8 30. Rfg1 Rb7 31. Bb3 Bh7 32. R1g3 Kh8 33. c4 Rbf7 34. Rg6 Qd8 35. Qg2 Bxg6 36. hxg6 Rf4 37. Rh3+ Rh4 38. Qg3 Rf4 39. Kg2 Qf6 40. Bc2 Kg8 41. Be4 Kf8 42. Rxh4 Qxh4 43. Qxh4 Rxh4 44. Kg3 Rf4 45. a4 Ke7 46. a5 Kf6 47. a6 Kg5 48. Kg2 Kh4 49. Kf2 Kh3 50. Bc2 Rxc4 51. Bd3 Rf4 52. Ke3 Kh4 53. Bb5 Kg3 54. Be2 Rf6 55. Bd3 Rxf3+ 56. Ke4 Rf4+ 57. Ke3 Rd4 58. Be2 Rxd5 59. Ke4 Rd4+ 60. Kf5 Rf4+ 61. Ke6 Rf6+ 62. Kd5 Rxg6 63. Bd3 Rg4 64. Kc6 c4 65. Bf5 c3 66. Kb7 Rb4+ 67. Kxa7 e4 68. Ka8 c2 69. Bxe4 c1=Q 70. Bb7 Qc7 71. Ka7 Rh4 72. Ka8 d5 73. Bc8 Qxc8+ 74. Ka7 Qc7+ 75. Ka8 Rh8# 0-1


[Site "https://www.chess.com"]

[Event "Titled Tuesday Blitz April 18 Early 2023"]
[White "Demchenko, Anton"]
[Black "Sarana, Alexey"]
[WhiteFideId "4160258"]
[BlackFideId "24133795"]
[WhiteElo "2545"]
[BlackElo "2714"]
[Result "0-1"]
[Round "10"]
[TimeControl "180+2"]
[Date "2023.04.18"]
[WhiteClock "0:00:02"]
[BlackClock "0:00:12"]

1. e4 c5 2. Nc3 d6 3. Bb5+ Bd7 4. a4 g6 5. f4 Bg7 6. Nf3 e6 7. O-O Ne7 8. d3 O-O 9. Be3 Nbc6 10. Bf2 Rc8 11. Bc4 Nd4 12. Nxd4 cxd4 13. Nb5 d5 14. Bb3 Bxb5 15. axb5 Qb6 16. f5 gxf5 17. exd5 Nxd5 18. Bxd5 exd5 19. Bg3 Qxb5 20. b3 Qc6 21. Rxa7 Bh6 22. Qf3 Be3+ 23. Kh1 Qe6 24. Rxb7 Rxc2 25. h3 h6 26. b4 Rd2 27. Rd1 Rxd1+ 28. Qxd1 f4 29. Be1 Rc8 30. Bd2 f3 31. Bxe3 dxe3 32. Qxf3 e2 33. Qg3+ Kh8 34. Qe1 Rc1 35. Qxc1 e1=Q+ 36. Qxe1 Qxe1+ 37. Kh2 Qe5+ 38. Kh1 Kg7 39. Ra7 Qe1+ 40. Kh2 Qxb4 41. Ra2 Qf4+ 42. Kg1 Qe3+ 43. Kh2 Qxd3 44. Rf2 d4 45. Rf3 Qc4 0-1


[Site "https://www.chess.com"]